 Dungeon Crawl Stone Soup version 0.29-a0-668-g12ee2bf84d (webtiles) character file.

Game seed: 8784857189569686803

5688 hquester1 the Fighter (level 10, -4/90 HPs)
             Began as a Minotaur Fighter on June 23, 2022.
             Was a High Priest of Okawaru.
             Slain by a sun demon (7 damage)
             ... summoned by a kobold demonologist
             ... on level 9 of the Dungeon.
             The game lasted 00:26:13 (7864 turns).

hquester1 the Fighter (Minotaur Fighter)            Turns: 7864, Time: 00:26:13

Health: -4/90      AC: 16    Str: 19    XL:     10   Next: 47%
Magic:  9/9        EV: 11    Int:  5    God:    Okawaru [*****.]
Gold:   490        SH:  7    Dex: 20    Spells: 9/9 levels left

rFire   . . .      SeeInvis .   i - +9 broad axe (vamp)
rCold   . . .      Faith    .   c - +0 buckler
rNeg    . . .      Spirit   .   l - +3 chain mail
rPois   .          Reflect  .   (helmet restricted)
rElec   .          Harm     .   h - +0 cloak
rCorr   .          Rampage  .   y - +0 pair of gloves
Will    .....                   (no boots)
Stlth   ..........              (no amulet)
HPRegen 0.25/turn               j - +6 ring of dexterity
MPRegen 0.11/turn               (no ring)

@: no status effects
A: horns 2, retaliatory headbutt, mutation resistance 1, weak 1
a: Renounce Religion, Heroism, Finesse, Duel


You were on level 9 of the Dungeon.
You worshipped Okawaru.
Okawaru was extremely pleased with you.
You visited 2 branches of the dungeon, and saw 10 of its levels.
You also visited: Sewer.

You collected 490 gold pieces.

Inventory:

Hand Weapons
 i - a +9 vampiric broad axe (weapon)
 F - the +5 short sword "Xenulev" {antimagic, Fly rN+ Str+4 Dex+3}
   (You found it on level 8 of the Dungeon)

   It reduces the magical energy of the wielder, and disrupts the spells and
   magical abilities of those it strikes.
   Natural abilities and divine invocations are not affected.
   Str:       It affects your strength (+4).
   Dex:       It affects your dexterity (+3).
   rN:        It protects you from negative energy.
   Fly:       It grants you flight.
 H - a +3 morningstar of freezing
Armour
 c - a +0 buckler (worn)
 h - a +0 cloak (worn)
 l - a +3 chain mail (worn)
 y - a +0 pair of gloves (worn)
Jewellery
 j - a +6 ring of dexterity (left hand)
 m - a ring of fire
 w - an amulet of faith
Wands
 a - a wand of digging (1)
 q - a wand of iceblast (12)
 u - a wand of mindburst (15)
Scrolls
 b - 4 scrolls of teleportation
 f - 2 scrolls of magic mapping
 g - 2 scrolls of amnesia
 o - 2 scrolls of fear
 z - 4 scrolls of fog
 B - a scroll of blinking
 C - a scroll of silence {unknown}
Potions
 d - 2 potions of might
 e - a potion of berserk rage {unknown}
 k - 3 potions of heal wounds
 n - 4 potions of haste
 p - a potion of ambrosia
 r - a potion of lignification {unknown}
 s - a potion of flight
 t - 2 potions of brilliance
 v - 3 potions of resistance
 x - a potion of invisibility
 A - 5 potions of curing
 D - 2 potions of attraction {unknown}


   Skills:
 + Level 8.6 Fighting
 + Level 7.4(9.1) Axes
 + Level 8.1(9.4) Maces & Flails
 + Level 8.6 Armour
 + Level 6.9 Dodging
 + Level 8.5 Shields


You had 9 spell levels left.
You didn't know any spells.
Your spell library contained the following spells:

 Spells                   Type           Power      Damage    Failure   Level
 Beastly Appendage        Tmut           0%         N/A       99%         1
 Sublimation of Blood     Necr           0%         N/A       100%        2
 Wereblood                Tmut           0%         N/A       100%        2
 Portal Projectile        Hex/Tloc       0%         N/A       100%        3
 Spider Form              Tmut/Pois      0%         N/A       100%        3
 Blade Hands              Tmut           0%         N/A       100%        5
 Borgnjor's Vile Clutch   Necr/Erth      0%         N/A       100%        5
 Tukima's Dance           Hex            Unusable   N/A       N/A         3
 Animate Dead             Necr           Unusable   N/A       N/A         4
 Death Channel            Necr           Unusable   N/A       N/A         6
 Summon Hydra             Summ           Unusable   N/A       N/A         7

Dungeon Overview and Level Annotations

Branches:
Dungeon (9/15)             Temple (1/1) D:4           Sewer (visited)
   Lair: D:8-11         Orc: D:9-12

Altars:
Ashenzari
Cheibriados
Dithmenos
Elyvilon
Fedhas
Gozag
Hepliaklqana
Kikubaaqudgha
Makhleb
Nemelex Xobeh
Okawaru
Qazlal
Ru
Sif Muna
Uskayaw
Vehumet
Wu Jian
Xom
Yredelemnul
Zin
The Shining One

Shops:
D:1 ?   D:6 !


Innate Abilities, Weirdness & Mutations

You have a pair of horns on your head.
You reflexively headbutt those who attack you in melee.
You are somewhat resistant to further mutation.
You are weak. (Str -2)


Message History

The kobold demonologist mumbles some strange words.
You slash the sun demon!
The sun demon is moderately wounded.
The sun demon hits you but does no damage.
You barely miss the sun demon. Your headbutt misses the sun demon.
The sun demon is moderately wounded.
The sun demon hits you but does no damage.
You barely miss the sun demon. You headbutt the sun demon.
The sun demon is moderately wounded.
The sun demon hits you!
You are engulfed in flames!
You block the sun demon's attack.
You closely miss the sun demon. Your headbutt misses the sun demon.
The sun demon is moderately wounded.
The kobold demonologist casts a spell.
The sun demon misses you. You furiously retaliate!
You headbutt the sun demon! You barely miss the sun demon.
You headbutt the sun demon.
The sun demon is heavily wounded.
You block the sun demon's attack. The sun demon hits you!
You are engulfed in flames!
You closely miss the sun demon. You headbutt the sun demon!
The sun demon is severely wounded.
The sun demon hits you!
* * * LOW HITPOINT WARNING * * *
You are engulfed in flames!
* * * LOW HITPOINT WARNING * * *
You feel much better. The sun demon hits you!
* * * LOW HITPOINT WARNING * * *
You are engulfed in flames!
* * * LOW HITPOINT WARNING * * *
You block the sun demon's attack.
You feel much better. The sun demon hits you.
* * * LOW HITPOINT WARNING * * *
You are engulfed in flames!
* * * LOW HITPOINT WARNING * * *
The sun demon attacks as you move away! The sun demon closely misses you.
You furiously retaliate!
You headbutt the sun demon.
The kobold demonologist gestures wildly while chanting.
The sun demon attacks as you move away! The sun demon barely misses you.
The sun demon attacks as you move away! The sun demon hits you!
You die...

###############
#.....(.......#
#.###########.#
#@# #.# #3# ##.##
#.# ##...## #4#
###.#.#.##
#5#####...........
.K. ....###.#.#.##
#..## #.. ##...##
#..# #..#####.####
#..# #............


You could see a sun demon (summoned), an ice devil (summoned), a kobold
demonologist and an ufetubus (summoned).

Vanquished Creatures
  A two-headed ogre (D:9)
  Pikel (D:4)
  A troll (D:9)
  A wyvern (D:9)
  3 yaks (D:9)
  2 steam dragons (D:8)
  Grum (D:8)
  An acid dragon (D:8)
  3 water moccasins
  An ice beast (D:6)
  An orc warrior (D:8)
  2 ogres (D:6)
  A sky beast (D:5)
  2 wolves (D:8)
  A centaur (D:9)
  4 bullfrogs
  A kobold brigand (D:7)
  2 necrophages
  4 scorpions
  4 wights (D:9)
  11 killer bees
  3 howler monkeys
  2 hounds
  2 jellies
  4 orc priests
  An iguana (D:4)
  2 gnoll shamans
  Ijyb (D:4)
  Terence (D:2)
  3 orc wizards
  6 gnolls
  15 adders
  A river rat (D:6)
  4 shadow imps
  4 white imps
  9 worms
  3 dart slugs
  30 orcs
  12 ball pythons
  14 endoplasms
  7 giant cockroaches
  6 goblins
  2 hobgoblins
  3 jackals (D:2)
  9 quokkas
  5 bats
  13 frilled lizards
  9 kobolds
  5 rats
224 creatures vanquished.

Vanquished Creatures (others)
  A shadow imp (D:8)
1 creature vanquished.

Grand Total: 225 creatures vanquished

Notes
Turn   | Place    | Note
-------+----------+-------------------------------------------
     0 | D:1      | hquester1 the Minotaur Fighter began the quest for the Orb.
     0 | D:1      | Reached XP level 1. HP: 19/19 MP: 0/0
   117 | D:1      | Found Doenem's Magic Scroll Emporium.
   223 | D:1      | Reached XP level 2. HP: 22/27 MP: 1/1
   573 | D:1      | Reached skill level 1 in Dodging
   591 | D:1      | Found a faded altar of an unknown god.
   766 | D:2      | Noticed Terence
   780 | D:2      | Killed Terence
   781 | D:2      | Reached XP level 3. HP: 7/33 MP: 2/2
  1269 | D:2      | Reached skill level 1 in Axes
  1269 | D:2      | Reached XP level 4. HP: 40/40 MP: 3/3
  1504 | D:3      | HP: 1/40 [orc/+0 hand axe (6)]
  1505 | D:3      | Gained mutation: You are weak. (Str -2) [potion of
                  | mutation]
  1505 | D:3      | Gained mutation: You are somewhat resistant to further
                  | mutation. [potion of mutation]
  1922 | D:3      | Reached XP level 5. HP: 46/47 MP: 4/4
  2294 | D:4      | Found a staircase to the Ecumenical Temple.
  2336 | Temple   | Entered the Ecumenical Temple
  2342 | Temple   | Became a worshipper of Warmaster Okawaru
  2566 | D:4      | Noticed Ijyb
  2576 | D:4      | Killed Ijyb
  2674 | D:4      | Reached XP level 6. HP: 52/53 MP: 5/5
  2723 | D:4      | Noticed Pikel
  2738 | D:4      | Killed Pikel
  2738 | D:4      | Reached * piety under Okawaru
  2738 | D:4      | Reached ** piety under Okawaru
  2739 | D:4      | Reached skill level 5 in Fighting
  2739 | D:4      | Reached skill level 5 in Armour
  2739 | D:4      | Reached skill level 5 in Shields
  2739 | D:4      | Reached XP level 7. HP: 37/61 MP: 6/6
  3011 | D:5      | Entered Level 5 of the Dungeon
  3049 | D:5      | Reached skill level 5 in Maces & Flails
  3253 | D:5      | Found Urumuoma's General Store.
  3408 | D:5      | Reached *** piety under Okawaru
  3409 | D:5      | Reached XP level 8. HP: 53/70 MP: 7/7
  4010 | D:6      | Found an ornate altar of the Wu Jian Council.
  4094 | D:6      | Reached skill level 5 in Axes
  4122 | D:6      | Found a stormy altar of Qazlal.
  4129 | D:6      | Found a sacrificial altar of Ru.
  4162 | D:6      | Found a glowing drain.
  4196 | D:6      | Reached skill level 5 in Dodging
  4210 | Sewer    | Entered a sewer
  4410 | Sewer    | Reached **** piety under Okawaru
  4552 | Sewer    | Reached XP level 9. HP: 76/78 MP: 8/8
  5203 | D:6      | Found Hosyofaud's Distillery.
  6276 | D:8      | Found a broken altar of Ashenzari.
  6313 | D:8      | Noticed Grum
  6323 | D:8      | Killed Grum
  6585 | D:8      | Reached ***** piety under Okawaru
  6648 | D:8      | Identified the +5 short sword "Xenulev" {antimagic, Fly rN+
                  | Str+4 Dex+3}
  7038 | D:8      | Found an ancient bone altar of Kikubaaqudgha.
  7140 | D:9      | Reached XP level 10. HP: 56/88 MP: 9/9
  7365 | D:9      | Noticed a two-headed ogre
  7376 | D:9      | Killed a two-headed ogre
  7376 | D:9      | Received a gift from Okawaru
  7445 | D:9      | Found a shadowy altar of Dithmenos.
  7852 | D:9      | Noticed a sun demon
  7858 | D:9      | HP: 2/90 [sun demon[a kobold demonologist] (17)]
  7864 | D:9      | Slain by a sun demon

Illustrated notes

Levels and vault maps discovered:
D:1:      lightli_arrival_flooded_house, layout_rooms,
          ebering_ecumenical_altar_box, serial_shops, nicolae_shop_trees
D:2:      layout_basic, grunt_decor_resistance, uniq_terence
D:3:      layout_basic
D:4:      layout_rooms, minmay_temple_entry_mini_moons,
          minmay_misc_feat_four_crosses, uniq_pikel, uniq_ijyb
D:5:      layout_gridville, serial_shops, nicolae_shop_waterfront,
          nicolae_wormholes
D:6:      layout_loops_cross, amcnicky_altar_gilded,
          amethyst_overflow_temple_binary, serial_shops, nicolae_shop_trees,
          cheibrodos_sewer_entry_sluice, nicolae_elevator_lobby_plus
D:7:      layout_loops_corners, hangedman_abyss_or_decor_stabs,
          kennysheep_small_square
D:8:      layout_loops_ring, cheibrodos_ashenzari_chains,
          mainiacjoe_overflow_chevrons, uniq_grum
D:9:      layout_loops_ring, nicolae_dithmenos_through_a_glass_darkly
Temple:   eino_wide_crystal_templ

Skill      XL: |  1  2  3  4  5  6  7  8  9 10 |
---------------+-------------------------------+-----
Dodging        | 1 2 3 5 6 |  6.9
Fighting       | 4 5 6 8 |  8.6
Maces & Flails | 3 4 5 6 7 8 |  8.1
Armour         | 4 5 6 8 |  8.6
Shields        | 4 5 6 7 8 |  8.5
Axes           | 1 2 3 4 5 6 7 |  7.4

Action                   |  1- 3 |  4- 6 |  7- 9 | 10-12 || total
-------------------------+-------+-------+-------+-------++-------
Melee: Flail             |    40 |       |       |       ||    40
       Headbutt          |    16 |    17 |    58 |    15 ||   106
       War axe           |    39 |    99 |   182 |       ||   320
       Broad axe         |       |       |   113 |    55 ||   168
  Use: Potion            |       |     1 |     1 |     2 ||     4
       Scroll            |       |     8 |    18 |       ||    26
Armor: Scale mail        |    20 |       |       |       ||    20
       Chain mail        |    22 |    57 |   159 |    23 ||   261
Dodge: Dodged            |    24 |    35 |   148 |    24 ||   231
Block: Buckler           |    17 |    29 |    99 |    24 ||   169

Table legend: (Time is in decaauts)
 A = Elapsed time spent in this place.
 B = Non-inter-level travel time spent in this place.
 C = Inter-level travel time spent in this place.
 D = Time resting spent in this place.
 E = Time spent auto-exploring this place.
 F = Levels seen in this place.
 G = Mean time per level.
                   A        B        C        D        E       F      G
               +--------+--------+--------+--------+--------+-----+--------+
         Total |   8079 |   7835 |    244 |    794 |   5097 |  11 |  734.5 |
       Dungeon |   7347 |   7116 |    231 |    524 |   4959 |   9 |  816.3 |
        Temple |    141 |    128 |     13 |      0 |    111 |   1 |  141.0 |
         Sewer |    590 |    590 |      0 |    270 |     27 |   1 |  590.0 |
               +--------+--------+--------+--------+--------+-----+--------+

Top non-repeatable levels by time:
     D:7: 1001 daAuts
     D:5: 973 daAuts
     D:9: 823 daAuts
     D:3: 814 daAuts
     D:6: 807 daAuts
     D:8: 803 daAuts
     D:2: 788 daAuts
     D:1: 720 daAuts
     D:4: 614 daAuts
   Sewer: 590 daAuts
  Temple: 141 daAuts
